[ AOE2 MATCH · #505053352 ]
UnrankedTupi vs Tupi
Player's team · WIN
Rival team · LOSS
[ REPLAY ANALYSIS · EXTRACTED FROM THE RECORDED GAME ]
Feudal
11:44
Castle
22:26
Imperial
43:57
| APM avg | 42.0 |
| APM peak | 74 |
| eAPM avg | 27.4 |
| Villagers / military | 181 / 139 |
Focus
⚔️ 42.6% · 🌾 57.4%
Unknown (2550) ×198 · Skirmisher ×124 · Mangonel ×9 · Trebuchet (Packed) ×5 · Monk ×1
Feudal
11:06
Castle
15:23
Imperial
40:55
| APM avg | 45.5 |
| APM peak | 91 |
| eAPM avg | 19.7 |
| Villagers / military | 185 / 88 |
Focus
⚔️ 37.5% · 🌾 62.5%
Unknown (2579) ×130 · Petard ×77 · Unknown (2550) ×72 · Mangonel ×8 · Trebuchet (Packed) ×3
Match map
Initial resources + every placement click. Lines = walls · curves = elevation contours. ◆ gold · ⬟ stone · ● berries · ✦ relic · ◌ wall gap
Your base· Open — unwalled flank
JoJo_Baum's base· Open — unwalled flank
Smoothed initial terrain · ◌ = detected wall gap · hover for details
Inputs per minute
— DS_Kawakaze - - JoJo_Baum
Build order — DS_Kawakaze
First 150 of 599 actions detected
| 0:01 | Queue | Villager (Male) ×4 |
| 0:02 | Build | House |
| 0:04 | Build | Barracks |
| 1:06 | Queue | Unit 2550 |
| 1:36 | Queue | Villager (Male) |
| 1:40 | Build | House |
| 1:58 | Queue | Unit 2550 |
| 2:17 | Queue | Villager (Male) |
| 2:39 | Queue | Villager (Male) |
| 3:00 | Queue | Villager (Male) |
| 3:17 | Queue | Unit 2550 |
| 3:18 | Queue | Unit 2550 |
| 3:40 | Queue | Villager (Male) |
| 4:08 | Queue | Villager (Male) |
| 4:13 | Build | House |
| 4:29 | Queue | Villager (Male) |
| 4:49 | Queue | Unit 2550 |
| 5:04 | Queue | Villager (Male) |
| 5:07 | Build | Settlement |
| 5:43 | Queue | Villager (Male) |
| 5:50 | Queue | Unit 2550 |
| 6:06 | Queue | Villager (Male) |
| 6:09 | Queue | Villager (Male) |
| 6:17 | Queue | Villager (Male) |
| 6:31 | Queue | Villager (Male) |
| 6:37 | Build | Outpost |
| 6:46 | Queue | Villager (Male) |
| 6:58 | Queue | Villager (Male) |
| 7:24 | Queue | Villager (Male) |
| 7:29 | Build | Settlement |
| 7:32 | Queue | Villager (Male) |
| 8:02 | Queue | Villager (Male) |
| 8:41 | Queue | Villager (Male) |
| 9:03 | Queue | Villager (Male) |
| 9:34 | Research | Feudal Age |
| 9:40 | Build | Settlement |
| 10:07 | Queue | Unit 2550 |
| 10:20 | Build | Farm |
| 10:21 | Build | Farm |
| 10:40 | Build | House |
| 10:51 | Build | House |
| 10:52 | Build | House |
| 11:10 | Queue | Villager (Male) |
| 11:17 | Build | Palisade Wall |
| 11:44 | Age | Feudal Age |
| 11:48 | Build | Watch Tower |
| 11:54 | Research | Tech 1402 |
| 12:06 | Queue | Unit 2550 |
| 12:11 | Queue | Villager (Male) |
| 12:17 | Build | Market |
| 12:28 | Queue | Unit 2550 |
| 12:38 | Queue | Villager (Male) |
| 12:39 | Research | Double-Bit Axe |
| 12:40 | Research | Horse Collar |
| 13:06 | Queue | Villager (Male) |
| 13:10 | Queue | Villager (Male) |
| 13:22 | Queue | Villager (Male) |
| 13:32 | Build | Farm |
| 13:33 | Build | Farm |
| 13:39 | Build | Watch Tower |
| 13:40 | Queue | Villager (Male) |
| 14:06 | Queue | Villager (Male) |
| 14:07 | Build | Barracks |
| 14:16 | Build | Settlement |
| 14:26 | Build | Watch Tower |
| 14:26 | Queue | Villager (Male) |
| 14:39 | Queue | Villager (Male) |
| 14:39 | Queue | Villager (Male) |
| 14:52 | Queue | Villager (Male) |
| 15:01 | Build | Watch Tower |
| 15:06 | Build | Farm |
| 15:07 | Build | Farm |
| 15:21 | Build | House |
| 15:32 | Queue | Villager (Male) |
| 15:34 | Build | Farm |
| 15:35 | Build | Farm |
| 15:36 | Queue | Villager (Male) |
| 15:37 | Build | Farm |
| 15:38 | Build | Farm |
| 15:39 | Queue | Villager (Male) |
| 15:42 | Build | Watch Tower |
| 15:46 | Queue | Villager (Male) |
| 16:02 | Build | Watch Tower |
| 16:05 | Queue | Villager (Male) |
| 16:21 | Queue | Villager (Male) |
| 16:28 | Build | Palisade Wall |
| 16:31 | Build | Palisade Wall |
| 16:50 | Build | Farm |
| 16:51 | Build | Farm |
| 16:52 | Queue | Villager (Male) |
| 17:07 | Build | Farm |
| 17:49 | Build | Watch Tower |
| 17:53 | Research | Loom |
| 18:04 | Queue | Villager (Male) |
| 18:36 | Queue | Villager (Male) |
| 18:51 | Build | Blacksmith |
| 19:06 | Build | Palisade Wall |
| 19:08 | Build | Palisade Wall |
| 19:08 | Build | Palisade Wall |
| 19:09 | Build | Palisade Wall |
| 19:10 | Build | Palisade Wall |
| 19:10 | Build | Palisade Wall |
| 19:11 | Build | Palisade Wall |
| 19:12 | Build | Palisade Wall |
| 19:13 | Build | Palisade Wall |
| 19:21 | Queue | Villager (Male) |
| 19:23 | Build | Watch Tower |
| 19:34 | Research | Castle Age |
| 19:42 | Build | Palisade Wall |
| 19:43 | Build | Palisade Wall |
| 19:44 | Build | Palisade Wall |
| 19:48 | Queue | Unit 2550 |
| 19:49 | Queue | Unit 2550 |
| 20:01 | Queue | Unit 2550 |
| 20:09 | Queue | Unit 2550 |
| 20:18 | Build | Barracks |
| 20:41 | Research | Fletching |
| 20:59 | Build | House |
| 21:02 | Build | Palisade Wall |
| 21:05 | Build | Palisade Wall |
| 21:11 | Build | Farm |
| 21:13 | Queue | Unit 2550 |
| 21:14 | Queue | Unit 2550 |
| 21:15 | Queue | Unit 2550 |
| 21:40 | Research | Scale Mail Armor |
| 22:23 | Build | Farm |
| 22:24 | Build | Farm |
| 22:26 | Age | Castle Age |
| 22:30 | Build | Siege Workshop |
| 22:32 | Research | Tech 1351 |
| 22:33 | Research | Squires |
| 22:35 | Research | Chain Mail Armor |
| 22:54 | Queue | Unit 2550 |
| 23:04 | Build | House |
| 23:05 | Queue | Villager (Male) |
| 23:17 | Build | House |
| 23:18 | Queue | Unit 2550 |
| 23:18 | Queue | Unit 2550 |
| 23:24 | Queue | Unit 2550 |
| 23:34 | Queue | Villager (Male) |
| 23:43 | Queue | Unit 2550 |
| 23:43 | Queue | Unit 2550 |
| 23:50 | Build | Farm |
| 23:58 | Queue | Villager (Male) |
| 24:09 | Queue | Unit 2550 |
| 24:09 | Queue | Unit 2550 |
| 24:16 | Queue | Unit 2550 |
| 24:17 | Queue | Unit 2550 |
| 24:29 | Queue | Unit 2550 |
| 24:29 | Queue | Unit 2550 |
Build order — JoJo_Baum
First 150 of 429 actions detected
| 0:00 | Queue | Villager (Male) ×4 |
| 0:01 | Queue | Villager (Male) ×4 |
| 0:02 | Build | House |
| 0:03 | Build | House |
| 1:06 | Queue | Villager (Male) |
| 1:06 | Queue | Villager (Male) |
| 1:29 | Queue | Villager (Male) |
| 1:29 | Queue | Villager (Male) |
| 1:45 | Build | Settlement |
| 2:09 | Queue | Villager (Male) |
| 2:09 | Queue | Villager (Male) |
| 2:20 | Queue | Villager (Male) |
| 2:20 | Queue | Villager (Male) |
| 3:09 | Queue | Villager (Male) |
| 3:09 | Queue | Villager (Male) |
| 3:10 | Queue | Villager (Male) |
| 3:57 | Queue | Villager (Male) |
| 4:00 | Queue | Villager (Male) |
| 4:24 | Queue | Villager (Male) |
| 4:24 | Queue | Villager (Male) |
| 4:33 | Build | Palisade Wall |
| 4:34 | Build | Palisade Wall |
| 4:38 | Build | Palisade Wall |
| 4:39 | Build | Palisade Wall |
| 5:36 | Queue | Villager (Male) |
| 5:46 | Queue | Villager (Male) |
| 5:46 | Queue | Villager (Male) |
| 5:50 | Queue | Villager (Male) |
| 6:00 | Queue | Villager (Male) |
| 6:10 | Build | Settlement |
| 6:12 | Queue | Villager (Male) |
| 6:30 | Queue | Villager (Male) |
| 6:43 | Build | Palisade Wall |
| 6:45 | Build | Palisade Wall |
| 6:45 | Build | Palisade Wall |
| 6:46 | Build | Palisade Wall |
| 6:47 | Build | Palisade Wall |
| 6:50 | Build | Palisade Wall |
| 6:51 | Build | Palisade Wall |
| 6:51 | Build | Palisade Wall |
| 6:52 | Build | Palisade Wall |
| 6:53 | Build | Palisade Wall |
| 6:53 | Build | Palisade Wall |
| 7:07 | Build | Palisade Wall |
| 7:20 | Build | House |
| 7:52 | Build | Farm |
| 7:54 | Build | Farm |
| 8:04 | Queue | Villager (Male) |
| 8:15 | Build | Palisade Wall |
| 8:16 | Build | Palisade Wall |
| 8:32 | Build | Palisade Wall |
| 8:54 | Research | Feudal Age |
| 8:58 | Research | Loom |
| 9:02 | Build | Settlement |
| 9:28 | Build | Palisade Wall |
| 9:29 | Build | Palisade Wall |
| 9:30 | Build | Palisade Wall |
| 9:34 | Build | Palisade Wall |
| 9:34 | Build | Palisade Wall |
| 9:46 | Build | Palisade Wall |
| 10:05 | Queue | Villager (Male) |
| 10:34 | Build | House |
| 11:06 | Age | Feudal Age |
| 11:15 | Queue | Villager (Male) |
| 11:33 | Build | Market |
| 11:43 | Build | Blacksmith |
| 12:18 | Build | Farm |
| 12:43 | Research | Castle Age |
| 12:43 | Research | Castle Age |
| 13:06 | Build | Settlement |
| 13:12 | Build | Palisade Wall |
| 13:32 | Build | Farm |
| 13:37 | Build | Palisade Wall |
| 13:39 | Build | Palisade Wall |
| 13:41 | Build | Palisade Wall |
| 13:42 | Queue | Villager (Male) |
| 14:22 | Research | Fletching |
| 14:33 | Build | Watch Tower |
| 15:01 | Build | House |
| 15:23 | Age | Castle Age |
| 15:36 | Queue | Villager (Male) |
| 16:00 | Queue | Villager (Male) |
| 16:00 | Queue | Villager (Male) |
| 16:24 | Build | Castle |
| 16:25 | Queue | Villager (Male) |
| 16:28 | Build | Farm |
| 16:32 | Build | Palisade Wall |
| 16:37 | Queue | Villager (Male) |
| 17:06 | Build | Farm |
| 17:10 | Research | Double-Bit Axe |
| 17:18 | Queue | Villager (Male) |
| 17:47 | Queue | Villager (Male) |
| 17:51 | Build | Farm |
| 17:52 | Queue | Villager (Male) |
| 17:55 | Build | Farm |
| 18:10 | Research | Bodkin Arrow |
| 18:11 | Queue | Unit 2579 |
| 18:19 | Queue | Villager (Male) |
| 18:19 | Queue | Villager (Male) |
| 18:27 | Build | Settlement |
| 18:30 | Queue | Unit 2579 ×2 |
| 18:45 | Queue | Unit 2579 |
| 18:47 | Queue | Villager (Male) |
| 18:47 | Queue | Villager (Male) |
| 18:59 | Queue | Unit 2579 |
| 19:02 | Queue | Villager (Male) |
| 19:17 | Queue | Unit 2579 |
| 19:18 | Queue | Villager (Male) |
| 19:35 | Queue | Unit 2579 |
| 19:52 | Queue | Villager (Male) |
| 19:53 | Queue | Villager (Male) |
| 20:08 | Build | Town Center |
| 20:14 | Queue | Unit 2579 ×2 |
| 20:47 | Queue | Villager (Male) |
| 20:47 | Queue | Villager (Male) |
| 20:55 | Queue | Villager (Male) |
| 20:55 | Queue | Villager (Male) |
| 21:16 | Queue | Unit 2579 ×4 |
| 21:18 | Queue | Villager (Male) |
| 21:25 | Build | Farm |
| 21:29 | Build | Farm |
| 21:36 | Queue | Villager (Male) |
| 21:37 | Queue | Villager (Male) |
| 21:55 | Queue | Villager (Male) |
| 21:55 | Queue | Villager (Male) |
| 22:26 | Build | Siege Workshop |
| 22:28 | Queue | Villager (Male) |
| 22:29 | Queue | Villager (Male) |
| 22:31 | Queue | Unit 2579 ×2 |
| 22:39 | Queue | Villager (Male) |
| 22:39 | Queue | Villager (Male) |
| 23:01 | Queue | Villager (Male) |
| 23:01 | Queue | Villager (Male) |
| 23:28 | Build | House |
| 23:40 | Queue | Villager (Male) |
| 23:40 | Queue | Villager (Male) |
| 23:41 | Queue | Villager (Male) |
| 23:50 | Queue | Unit 2579 ×5 |
| 23:55 | Build | Farm |
| 23:56 | Build | Farm |
| 23:56 | Build | Farm |
| 24:20 | Queue | Unit 2579 ×5 |
| 24:45 | Queue | Villager (Male) |
| 24:46 | Queue | Villager (Male) |
| 24:46 | Queue | Villager (Male) |
| 24:46 | Queue | Villager (Male) |
| 24:46 | Queue | Villager (Male) |
| 24:47 | Queue | Villager (Male) |
| 24:53 | Build | Palisade Wall |
| 24:54 | Build | Palisade Wall |
Match timeline
| 0:04 | DS_Kawakaze · first_building Barracks |
| 4:33 | JoJo_Baum · wall_segment Palisade Wall x1 |
| 4:34 | JoJo_Baum · wall_segment Palisade Wall x1 |
| 4:38 | JoJo_Baum · wall_segment Palisade Wall x1 |
| 4:39 | JoJo_Baum · wall_segment Palisade Wall x1 |
| 6:43 | JoJo_Baum · wall_segment Palisade Wall x1 |
| 6:45 | JoJo_Baum · wall_segment Palisade Wall x1 |
| 6:45 | JoJo_Baum · wall_segment Palisade Wall x1 |
| 6:46 | JoJo_Baum · wall_segment Palisade Wall x1 |
| 6:47 | JoJo_Baum · wall_segment Palisade Wall x1 |
| 6:50 | JoJo_Baum · wall_segment Palisade Wall x1 |
| 6:51 | JoJo_Baum · wall_segment Palisade Wall x1 |
| 6:51 | JoJo_Baum · wall_segment Palisade Wall x1 |
| 6:52 | JoJo_Baum · wall_segment Palisade Wall x1 |
| 6:53 | JoJo_Baum · wall_segment Palisade Wall x1 |
| 6:53 | JoJo_Baum · wall_segment Palisade Wall x1 |
| 7:07 | JoJo_Baum · wall_segment Palisade Wall x1 |
| 8:15 | JoJo_Baum · wall_segment Palisade Wall x1 |
| 8:16 | JoJo_Baum · wall_segment Palisade Wall x1 |
| 8:32 | JoJo_Baum · wall_segment Palisade Wall x1 |
| 9:28 | JoJo_Baum · wall_segment Palisade Wall x1 |
| 9:29 | JoJo_Baum · wall_segment Palisade Wall x1 |
| 9:30 | JoJo_Baum · wall_segment Palisade Wall x1 |
| 9:34 | JoJo_Baum · wall_segment Palisade Wall x1 |
| 9:34 | JoJo_Baum · wall_segment Palisade Wall x1 |
| 9:46 | JoJo_Baum · wall_segment Palisade Wall x1 |
| 11:06 | JoJo_Baum · age_up feudal |
| 11:17 | DS_Kawakaze · wall_segment Palisade Wall x1 |
| 11:44 | DS_Kawakaze · age_up feudal |
| 12:37 | JoJo_Baum · first_market_sell 100 stone |
| 12:38 | JoJo_Baum · first_market_buy 100 food |
| 13:12 | JoJo_Baum · wall_segment Palisade Wall x1 |
| 13:37 | JoJo_Baum · wall_segment Palisade Wall x1 |
| 13:39 | JoJo_Baum · wall_segment Palisade Wall x1 |
| 13:41 | JoJo_Baum · wall_segment Palisade Wall x1 |
| 15:23 | JoJo_Baum · age_up castle |
| 16:24 | JoJo_Baum · first_building Castle |
| 16:28 | DS_Kawakaze · wall_segment Palisade Wall x3 |
| 16:31 | DS_Kawakaze · wall_segment Palisade Wall x3 |
| 16:32 | JoJo_Baum · wall_segment Palisade Wall x1 |
| 17:42 | DS_Kawakaze · first_market_buy 100 food |
| 18:29 | DS_Kawakaze · first_market_sell 500 wood |
| 19:06 | DS_Kawakaze · wall_segment Palisade Wall x1 |
| 19:08 | DS_Kawakaze · wall_segment Palisade Wall x1 |
| 19:08 | DS_Kawakaze · wall_segment Palisade Wall x1 |
| 19:09 | DS_Kawakaze · wall_segment Palisade Wall x1 |
| 19:10 | DS_Kawakaze · wall_segment Palisade Wall x1 |
| 19:10 | DS_Kawakaze · wall_segment Palisade Wall x1 |
| 19:11 | DS_Kawakaze · wall_segment Palisade Wall x1 |
| 19:12 | DS_Kawakaze · wall_segment Palisade Wall x1 |
| 19:13 | DS_Kawakaze · wall_segment Palisade Wall x1 |
| 19:42 | DS_Kawakaze · wall_segment Palisade Wall x1 |
| 19:43 | DS_Kawakaze · wall_segment Palisade Wall x1 |
| 19:44 | DS_Kawakaze · wall_segment Palisade Wall x1 |
| 21:02 | DS_Kawakaze · wall_segment Palisade Wall x1 |
| 21:05 | DS_Kawakaze · wall_segment Palisade Wall x1 |
| 22:26 | DS_Kawakaze · age_up castle |
| 22:26 | JoJo_Baum · first_building Siege Workshop |
| 22:30 | DS_Kawakaze · first_building Siege Workshop |
| 24:53 | JoJo_Baum · wall_segment Palisade Wall x1 |
| 24:54 | JoJo_Baum · wall_segment Palisade Wall x1 |
| 24:57 | JoJo_Baum · wall_segment Palisade Wall x1 |
| 24:59 | JoJo_Baum · wall_segment Palisade Wall x1 |
| 25:00 | JoJo_Baum · wall_segment Palisade Wall x1 |
| 25:58 | JoJo_Baum · first_building Barracks |
| 27:04 | JoJo_Baum · first_building Archery Range |
| 29:13 | DS_Kawakaze · first_building Monastery |
| 33:41 | DS_Kawakaze · first_building Archery Range |
| 40:55 | JoJo_Baum · age_up imperial |
| 43:47 | DS_Kawakaze · first_building Castle |
| 43:57 | DS_Kawakaze · age_up imperial |
| 51:07 | JoJo_Baum · resign |
[ AI ANALYSIS · 1 CREDIT ]
What really happened in this match?
Wolo.gg analyzes every decision: build order, eco, micro, common mistakes by bracket. Personalized analysis on WhatsApp or Discord in 30 seconds.
Civ guide
Tupi
Perfil
Jugador #9806716